 Dungeon Crawl Stone Soup version 0.27.0-66-gdc8fb28755 (webtiles) character file.

Game seed: 6574616986095858288

973 Spectrina the Covert (level 7, -2/40 HPs)
             Began as a Vampire Delver on Aug 20, 2021.
             Was a Believer of Nemelex Xobeh.
             Slain by a killer bee (4 damage)
             ... on level 6 of the Dungeon.
             The game lasted 00:22:17 (2510 turns).

Spectrina the Covert (Vampire Delver)               Turns: 2510, Time: 00:22:18

Health: -2/40      AC:  8    Str: 11    XL:     7   Next: 94%
Magic:  9/9        EV: 12    Int: 13    God:    Nemelex Xobeh [**....]
Gold:   17         SH:  0    Dex: 17    Spells: 6/6 levels left

rFire    . . .     SeeInvis +   h - +1 dagger (elec)
rCold    + + .     Faith    .   (no shield)
rNeg     + + +     Spirit   .   b - +0 leather armour
rPois    ∞         Reflect  .   m - +0 helmet
rElec    .         Harm     .   x - +2 cloak
rCorr    .         Rampage  .   (no gloves)
Will     .....                  A - +0 pair of boots
Stlth    +++++++...             (no amulet)
HPRegen  0.00/turn              q - ring of flight
MPRegen  0.11/turn              (no ring)

@: about to teleport, flying, bloodless, inhibited regen
A: bloodless, fangs 3, see invisible, vampiric 2
a: Bat Form, Revivify, Renounce Religion, Draw Escape, Draw Destruction, Draw
Summoning


You were on level 6 of the Dungeon.
You worshipped Nemelex Xobeh.
Nemelex Xobeh was pleased with you.
You visited 1 branch of the dungeon, and saw 6 of its levels.

You collected 202 gold pieces.
You spent 185 gold pieces at shops.

Inventory:

Hand Weapons
 a - a +0 short sword
 h - a +1 dagger of electrocution (weapon)
 n - a +2 dagger of distortion
 s - a +1 vampiric dagger
Missiles
 i - 21 sling bullets
 t - 17 poisoned darts (quivered)
 w - 37 arrows
Armour
 b - a +0 leather armour (worn)
 m - a +0 helmet (worn)
 x - a +2 cloak (worn)
 A - a +0 pair of boots (worn)
Jewellery
 q - a ring of flight (left hand)
 v - a ring of positive energy
Wands
 g - a wand of digging (3)
 j - a wand of flame (13)
Scrolls
 c - a scroll of fog
 d - 2 scrolls of magic mapping
 k - a scroll of enchant armour
 r - 4 scrolls of teleportation
Potions
 f - 4 potions of haste
 l - 2 potions of flight
 o - 3 potions of attraction
 p - a potion of magic {unknown}
 u - a potion of heal wounds {unknown}
 z - 3 potions of curing
 B - a potion of resistance {unknown}
 C - a potion of might {unknown}
 D - 2 potions of mutation
 E - a potion of ambrosia


   Skills:
 - Level 2.6 Fighting
 + Level 6.1 Short Blades
 - Level 2.1 Dodging
 + Level 11.5 Stealth
 + Level 3.8 Invocations


You had 6 spell levels left.
You didn't know any spells.
Your spell library contained the following spells:

 Spells                   Type           Power      Damage    Failure   Level
 Magic Dart               Conj           0%         1d3       38%         1
 Sting                    Tmut/Pois      0%         1d3       38%         1
 Call Imp                 Summ           0%         N/A       52%         2
 Poisonous Vapours        Pois/Air       0%         N/A       52%         2
 Dazzling Flash           Conj/Hex       0%         N/A       77%         3
 Mephitic Cloud           Conj/Pois/Air  0%         N/A       77%         3
 Iskenderun's Mystic Bla  Conj/Tloc      0%         2d3       99%         4
 Olgreb's Toxic Radiance  Pois           0%         N/A       99%         4
 Starburst                Conj/Fire      0%         6d3       100%        6


Dungeon Overview and Level Annotations

Branches:
Dungeon (6/15)
 Temple: D:4-7

Altars:
Cheibriados
Gozag
Makhleb
Nemelex Xobeh
Ru
Yredelemnul

Shops:
D:2 =   D:5 ?   D:6 [([*(


Innate Abilities, Weirdness & Mutations

You do not regenerate when monsters are visible.
You are frail without blood (-20% HP).
You can heal yourself when you bite living creatures.
You are immune to poison.
You have razor-sharp teeth.
You have supernaturally acute eyesight. (SInv)
You are afflicted with vampirism and can become a bat while bloodless.


Message History

As you read the scroll of identify, it crumbles to dust.
k - a scroll of enchant armour
As you read the scroll of identify, it crumbles to dust.
z - 3 potions of curing
As you read the scroll of identify, it crumbles to dust.
D - 2 potions of mutation
As you read the scroll of identify, it crumbles to dust.
E - a potion of ambrosia
As you read the scroll of identify, it crumbles to dust.
o - 3 potions of attraction
As you read the scroll of identify, it crumbles to dust.
l - 2 potions of flight
As you read the scroll of identify, it crumbles to dust.
e - 2 potions of degeneration
Okay, then.
Drop what? 30/52 slots (_ for help) (? for menu, Esc to quit)
You drop 2 potions of degeneration.
You hear a sizzling splash.
There is a stone staircase leading down, spattered with blood here.
You fly downwards.
There is a stone staircase leading up here.
An adder is nearby!
You see here a poisoned dart.
The killer bee buzzes angrily. x2
The killer bee stings you but does no damage.
The killer bee stings you.
* * * LOW HITPOINT WARNING * * *
Okay, then.
Okay, then.
As you read the scroll of teleportation, it crumbles to dust.
You feel strangely unstable. The killer bee stings you.
* * * LOW HITPOINT WARNING * * *
The killer bee barely misses you. x3
Unknown command.
The killer bee stings you.
* * * LOW HITPOINT WARNING * * *
The killer bee stings you.
You die...
Your body glows with a rainbow of weird colours and disappears.

...........##......<......#..
#......##...................
###.....###..........####....
#.##.......#.................
...#.........................
..............)..............
.............................
..#.#...##.....................
#.#.###..#....@y.Sy............
#...###...<...y..##............
##...#........<....#.(..........
#........#........##..(........#
#.......................(.......
..##.....#.#........y#....>.....
#.......###.........#...#(.....
#......###..........#.####.....
###.#..##..............###.....


You could see 3 killer bees and an adder.

Vanquished Creatures
  Prince Ribbit (D:6)
  2 ogres
  A necrophage (D:6)
  2 scorpions (D:5)
  A centaur zombie (D:5)
  3 hounds
  An orc priest (D:5)
  A gnoll shaman (D:5)
  An orc wizard (D:5)
  A hound skeleton (D:5)
  4 gnolls (D:5)
  5 adders
  A white imp (D:6)
  3 ufetubi
  3 worms
  2 dart slugs
  8 orcs
  6 ball pythons
  2 endoplasms
  6 giant cockroaches
  5 goblins
  3 hobgoblins
  5 jackals
  3 quokkas
  3 bats
  3 frilled lizards
  2 kobolds
  4 rats
82 creatures vanquished.

Notes
Turn   | Place    | Note
-------+----------+-------------------------------------------
     0 | D:5      | Spectrina the Vampire Delver began the quest for the Orb.
     0 | D:5      | Reached XP level 1. HP: 17/17 MP: 1/1
    32 | D:5      | Found an opulent altar of Gozag.
    57 | D:6      | Noticed a hound
    57 | D:6      | Noticed a hound
    69 | D:6      | Killed a hound
    70 | D:6      | Reached skill level 8 in Stealth
    70 | D:6      | Reached XP level 2. HP: 18/23 MP: 2/2
    70 | D:6      | Gained mutation: You are afflicted with vampirism and can
                  | become a bat while bloodless. [Vampire growth]
    70 | D:6      | Reached XP level 3. HP: 23/28 MP: 3/3
    81 | D:6      | Noticed a killer bee
    93 | D:5      | Found a sparkling altar of Nemelex Xobeh.
    93 | D:5      | Noticed a scorpion
    97 | D:5      | Killed a scorpion
    98 | D:5      | Reached skill level 9 in Stealth
    98 | D:5      | Reached XP level 4. HP: 30/34 MP: 4/4
   115 | D:5      | Became a worshipper of Nemelex Xobeh the Trickster
   140 | D:5      | Found Ysmiec's Magic Scroll Shop.
   200 | D:6      | Reached XP level 5. HP: 26/31 MP: 5/5
   235 | D:6      | Found Siuvvu's Armour Boutique.
   262 | D:6      | Noticed an ogre
   352 | D:5      | Reached skill level 1 in Invocations
   424 | D:6      | Found Ixammeuc's Assorted Antiques.
   444 | D:6      | Noticed a necrophage
   451 | D:6      | Noticed Prince Ribbit
   476 | D:6      | Found Tegoer's Weapon Shoppe.
   485 | D:6      | Found Tuqeuj's Antique Armour Shoppe.
   524 | D:5      | Noticed an ogre
   672 | D:5      | Killed an ogre
   673 | D:5      | Reached skill level 10 in Stealth
   673 | D:5      | Reached XP level 6. HP: 31/36 MP: 5/7
   687 | D:4      | Reached * piety under Nemelex Xobeh
   775 | D:3      | Found a snail-covered altar of Cheibriados.
   778 | D:3      | Found a sacrificial altar of Ru.
   781 | D:3      | Found a burning altar of Makhleb.
   916 | D:1      | Received a gift from Nemelex Xobeh
  1100 | D:2      | Found a basalt altar of Yredelemnul.
  1240 | D:2      | Reached ** piety under Nemelex Xobeh
  1276 | D:2      | Found Sawk's Jewellery Shop.
  1955 | D:5      | Reached skill level 5 in Short Blades
  1984 | D:5      | Noticed a water moccasin
  2010 | D:5      | Reached XP level 7. HP: 18/40 MP: 7/9
  2123 | D:6      | Bought an orange potion for 22 gold pieces
  2123 | D:6      | Bought a scroll labelled JETUSYKEFY for 25 gold pieces
  2123 | D:6      | Bought a fuming dark potion for 22 gold pieces
  2123 | D:6      | Bought 2 fuming sapphire potions for 45 gold pieces
  2123 | D:6      | Bought a bubbling golden potion for 22 gold pieces
  2123 | D:6      | Bought a scroll labelled JETUSYKEFY for 25 gold pieces
  2131 | D:6      | Found Errebieq's Weapon Shop.
  2162 | D:6      | Killed Prince Ribbit
  2163 | D:6      | Reached skill level 11 in Stealth
  2198 | D:6      | HP: 2/40 [ogre (30)]
  2430 | D:5      | HP: 2/40 [scorpion (4)]
  2452 | D:5      | Bought a scroll of identify for 24 gold pieces
  2510 | D:6      | HP: 2/40 [killer bee (6)]
  2510 | D:6      | Slain by a killer bee

Illustrated notes

Levels and vault maps discovered:
D:1:      minmay_arrival_five_plusses, layout_loops_cross,
          hellmonk_ecumenical_altar_prayer_group, minmay_stone_trees_large
D:2:      layout_rooms, serial_shops, nicolae_square_shop, basic_altar,
          minmay_misc_feat_rugged, chequers_jeans, kennysheep_decorative_pillar,
          hangedman_decor_growths, st_stairs_2
D:3:      minmay_evil_eye, layout_rooms, grunt_temple_overflow_diamond
D:4:      layout_cave_pools
D:5:      layout_basic, mainiacjoe_overflow_small_starburst,
          grunt_gozag_statues, serial_shops, nicolae_lakefront_shop
D:6:      minmay_chambers_of_threes, layout_cave_pools, serial_shops, shop,
          shop, nicolae_shop_trees, nicolae_shop_temple_entry_statues_fountains,
          shop, supply_closet_lemuel, uniq_prince_ribbit1

Skill      XL: |  1  2  3  4  5  6  7 |
---------------+----------------------+-----
Stealth        | 8 9 10 11 | 11.5
Short Blades   | 3 4 5 6 |  6.1
Invocations    | 1 2 3 |  3.8
Fighting       | |  2.6
Dodging        | |  2.1

Action                   |  1- 3 |  4- 6 |  7- 9 || total
-------------------------+-------+-------+-------++-------
Melee: Dagger            |    14 |   117 |    37 ||   168
       Bite              |     3 |     4 |     5 ||    12
Throw: Dart              |       |       |    12 ||    12
Invok: Draw Destruction  |       |     2 |     1 ||     3
 Abil: Exsanguinate      |       |     1 |       ||     1
       End Transformatio |       |     1 |       ||     1
       Bat Form          |       |     1 |       ||     1
  Use: Scroll            |       |     1 |     9 ||    10
 Stab: Distracted        |       |     1 |       ||     1
       Sleeping          |       |    38 |       ||    38
Armor: Leather armour    |     5 |    19 |    16 ||    40
Dodge: Dodged            |     7 |    64 |    27 ||    98
